 Dungeon Crawl Stone Soup version 0.21-a0-400-g417d9d2 (webtiles) character file.

194 dracos369 the Conjurer (level 5, 0/28 HPs)
             Began as a Deep Elf Conjurer on Oct 20, 2017.
             Succumbed to an adder's poison
             ... on level 2 of the Dungeon.
             The game lasted 00:13:17 (2463 turns).

dracos369 the Conjurer (Deep Elf Conjurer)          Turns: 2463, Time: 00:13:18

Health: 0/28       AC:  2    Str:  5    XL:     5   Next: 44%
Magic:  12/13      EV: 13    Int: 21    God:
Gold:   181        SH:  5    Dex: 15    Spells: 5/12 levels left

rFire    . . .     SeeInvis .   f - +0 short sword
rCold    . . .     Gourm    .   (no shield)
rNeg     + . .     Faith    .   a - +0 robe
rPois    .         Spirit   .   (no helmet)
rElec    .         Reflect  +   (no cloak)
rCorr    .         Harm     .   (no gloves)
MR       .....                  (no boots)
Stlth    ++........             u - +5 amulet of reflection
HPRegen  0.09/turn              l - ring of positive energy
MPRegen  0.13/turn              (no ring)

@: lethally poisoned (0 -> -4)
A: no striking features
a: no special abilities


You were on level 2 of the Dungeon.
You were not hungry.

You visited 1 branch of the dungeon, and saw 4 of its levels.

You collected 181 gold pieces.

Inventory:

Hand Weapons
 f - a +0 short sword (weapon)
 y - a +0 falchion
Missiles
 n - 4 tomahawks
 p - a throwing net
 r - 6 javelins (quivered)
Armour
 a - a +0 robe (worn)
Jewellery
 l - a ring of positive energy (left hand)
 u - a +5 amulet of reflection (around neck)
Wands
 m - a wand of disintegration (4/24)
 v - a wand of random effects (25/48)
Scrolls
 d - 4 scrolls of identify {unknown}
 e - 3 scrolls of teleportation {unknown}
 g - 2 scrolls of enchant weapon {unknown}
 h - 2 scrolls of enchant armour {unknown}
 i - a scroll of recharging {unknown}
 o - a scroll of remove curse {unknown}
 t - 2 scrolls of fear {unknown}
 w - a scroll of magic mapping {unknown}
Potions
 k - 2 potions of brilliance {unknown}
 q - a potion of might {unknown}
 s - a potion of lignification {unknown}
 x - a potion of flight {unknown}
Books
 b - a book of Conjurations

   Spells                             Type                      Level
   a - Magic Dart                     Conjuration                  1
   b - Searing Ray                    Conjuration                  2
   c - Dazzling Spray                 Conjuration/Hexes            3
   d - Fulminant Prism                Conjuration/Hexes            4
   e - Force Lance                    Conjuration/Translocation    4
   f - Iskenderun's Mystic Blast      Conjuration                  4
Comestibles
 c - a bread ration
 z - 4 chunks of flesh


   Skills:
 - Level 2.4 Dodging
 - Level 2.4 Stealth
 + Level 4.3 Spellcasting
 + Level 7.0 Conjurations


You had 5 spell levels left.
You knew the following spells:

 Your Spells              Type           Power        Failure   Level  Hunger
a - Magic Dart            Conj           ####         1%          1    None
b - Iskenderun's Mystic   Conj           ####....     6%          4    ####...
r - Searing Ray           Conj           ####..       1%          2    #......


Dungeon Overview and Level Annotations

Branches:
Dungeon (4/15)
 Temple: D:4-7

Altars:
Elyvilon

Annotations:
D:4 exclusion: howler monkey


Message History

* * * LOW HITPOINT WARNING * * *
You feel sick.
* * * LOW HITPOINT WARNING * * *
You feel sick.
* * * LOW HITPOINT WARNING * * *
You feel sick.
* * * LOW HITPOINT WARNING * * *
You feel sick.
A kobold comes into view. It is wielding a short sword.
* * * LOW HITPOINT WARNING * * *
You feel sick.
* * * LOW HITPOINT WARNING * * *
You feel sick.
A bat comes into view.
There is a stone staircase leading up here.
* * * LOW HITPOINT WARNING * * *
You feel sick.
You climb upwards.
There is a stone staircase leading down here.
You die...

#### #.# #.# ##.## #...... >..##
#.#####.###.<.### #######
###.###...............#
####.##..####.###...#.# #
..##.##..# #....#.##.# #
#.#..##..# ####.#.##.### #
#..#.##..# #..........# #
..###.#..#####.#.#..###.#########
.## ##...(..##..@>..# #..........
..###.##.##.##.#.#..###.#######..
...#.###.##.##...................
..#.####...........##.#.##.####..
....##...........####......# #..
................#######.#### ###
.......####.#...........).# #
#.###### #.####.########)## ##
### #.# #.# #..# #.


There were no monsters in sight!

Vanquished Creatures
  An orc wizard (D:3)
  Ijyb (D:2)
  A hound skeleton (D:4)
  6 adders
  2 worms (D:3)
  A dart slug (D:2)
  3 leopard geckos
  5 orcs
  3 giant cockroaches
  10 goblins
  5 hobgoblins
  3 jackals (D:2)
  3 quokkas (D:3)
  4 bats
  3 frilled lizards
  4 kobolds
  5 rats
60 creatures vanquished.

Notes
Turn   | Place    | Note
-------+----------+-------------------------------------------
     0 | D:1      | dracos369 the Deep Elf Conjurer began the quest for the Orb.
     0 | D:1      | Reached XP level 1. HP: 10/10 MP: 6/6
   161 | D:1      | Reached XP level 2. HP: 15/15 MP: 4/8
   199 | D:1      | Reached skill level 5 in Conjurations
   691 | D:1      | Learned a level 2 spell: Searing Ray
   858 | D:2      | Reached XP level 3. HP: 19/19 MP: 5/9
  1026 | D:2      | Found a white marble altar of Elyvilon.
  1092 | D:2      | Reached skill level 6 in Conjurations
  1285 | D:2      | Noticed Ijyb
  1293 | D:2      | Killed Ijyb
  1293 | D:2      | Reached XP level 4. HP: 23/24 MP: 1/10
  1306 | D:2      | Learned a level 4 spell: Iskenderun's Mystic Blast
  1407 | D:2      | You fall through a shaft for 2 floors!
  2334 | D:3      | Reached XP level 5. HP: 28/28 MP: 9/12
  2450 | D:3      | Reached skill level 7 in Conjurations
  2461 | D:3      | HP: 1/28 [poisoned by an adder]
  2463 | D:2      | Succumbed to an adder's poison

Vault maps used:
D:1:      roderic_crossed_star
D:2:      kennysheep_the_goblin_king, nicolae_qazlal_style_of_elements,
          elyvilon_altar_5, lemuel_round_altar, first_bread
D:3:      cheibriados_altar_1
D:4:      serial_shops, shop, serial_curves, eino_curves_02, eino_curves_04,
          eino_curves_02, eino_curves_02, fedhas_altar_1

Skill      XL: |  1  2  3  4  5 |
---------------+----------------+-----
Conjurations   | 5 6 7 |  7.0
Spellcasting   | 4 |  4.3
Dodging        | |  2.4
Stealth        | |  2.4

Action                   |  1- 3 |  4- 6 || total
-------------------------+-------+-------++-------
Melee: Short sword       |    37 |    77 ||   114
 Cast: Magic Dart        |    27 |    10 ||    37
       Searing Ray       |     6 |    11 ||    17
       Iskenderun's Myst |       |     2 ||     2
Evoke: Wand              |       |     2 ||     2
  Use: Potion            |       |     4 ||     4
 Stab: Sleeping          |     9 |       ||     9
  Eat: Chunk             |     1 |     5 ||     6
Armor: Robe              |     5 |    12 ||    17
Dodge: Dodged            |    23 |    72 ||    95
Block: Other             |     6 |    26 ||    32

Table legend:
 A = Spawn XP
 B = Non-spawn XP
 C = Spawn XP percentage of total XP
 D = Spawn monster count
 E = Non-spawn monster count
 F = Spawn count percentage of total count
 G = Total turns spent on level
                    A         B        C        D         E        F      G
               +---------+---------+-------+---------+---------+-------+---------
         Total |       0 |     278 |   0.0 |       0 |      60 |   0.0 |  2463
               +---------+---------+-------+---------+---------+-------+---------
           D:1 |       0 |      19 |   0.0 |       0 |      12 |   0.0 |   699
           D:2 |       0 |     108 |   0.0 |       0 |      22 |   0.0 |   709
           D:3 |       0 |     126 |   0.0 |       0 |      23 |   0.0 |   685
           D:4 |       0 |      25 |   0.0 |       0 |       3 |   0.0 |   370
               +---------+---------+-------+---------+---------+-------+---------
